 Dungeon Crawl Stone Soup version 0.17.1-1-g73c8601 (webtiles) character file.

2909 Enish the Covert (level 9, -3/39 HPs)
             Began as a Spriggan Enchanter on Dec 25, 2015.
             Was an Initiate of Gozag.
             Slain by a trapdoor spider (14 damage)
             ... on level 9 of the Dungeon.
             The game lasted 00:42:35 (9977 turns).

Enish the Covert (Spriggan Enchanter)               Turns: 9977, Time: 00:42:35

Health: -3/39      AC:  4    Str:  9    XL:     9   Next: 49%
Magic:  22/22      EV: 22    Int: 20    God:    Gozag
Gold:   384        SH:  0    Dex: 16    Spells: 7 memorised, 7 levels left

rFire  . . .     SeeInvis +     a - +1 dagger
rCold  . . .     Clarity  .     h - +1 robe
rNeg   . . .     SustAt   .     (shield restricted)
rPois  .         Gourm    .     (helmet restricted)
rElec  .         Spirit   .     o - +0 cloak
rCorr  .         Warding  .     (gloves unavailable)
rMut   +         Stasis   .     (boots unavailable)
MR     +....                    w - amulet of resist mutation
Stlth  ++........               (no ring)
                                (no ring)

@: confused, mighty, lethally poisoned (-3 -> -20), very slightly contaminated,
invisible, very quick, somewhat resistant to hostile enchantments, unstealthy
A: unfitting armour, see invisible, herbivore 3, speed 3, slow metabolism 2
a: Potion Petition, Call Merchant, Bribe Branch, Renounce Religion


You were on level 9 of the Dungeon.
You worshipped Gozag.
Gozag was noncommittal.
You were not hungry.

You visited 2 branches of the dungeon, and saw 11 of its levels.

You collected 512 gold pieces.
You paid 128 gold pieces to Gozag.

Inventory:

Hand Weapons
 a - a +1 dagger (weapon)
 b - a +0 blowgun
 i - a +0 spear
 y - a +1 short sword
 z - a +3 dagger
 F - a +2 long sword of draining
 G - the +6 spear "Enish's Foe" {freeze, Str+2}
   (You found it on level 7 of the Dungeon)

   It has been specially enchanted to freeze those struck by it, causing extra
   injury to most foes and up to half again as much damage against particularly
   susceptible opponents.
   It can also slow down cold-blooded creatures.
   It affects your strength (+2).
Missiles
 j - 3 tomahawks of dispersal (quivered)
 p - 42 poisoned needles
Armour
 h - a +1 robe (worn)
 o - a +0 cloak (worn)
Jewellery
 w - an amulet of resist mutation (around neck)
Wands
 m - a wand of polymorph (24)
 q - a wand of fireball (8)
 A - a wand of invisibility (6)
Scrolls
 f - 8 scrolls of remove curse
 l - 4 scrolls of magic mapping
 r - 2 scrolls of recharging
 H - a scroll of identify
Potions
 e - a potion of flight
 g - 2 potions of lignification
 k - 2 potions of invisibility
 s - 2 potions of haste
 t - 2 potions of resistance
 u - a potion of cure mutation
 v - a potion of brilliance
Books
 c - a book of Maledictions

   Spells                             Type                      Level
   a - Corona                         Hexes                        1
   b - Ensorcelled Hibernation        Hexes/Ice                    2
   c - Confuse                        Hexes                        3
   d - Tukima's Dance                 Hexes                        3
   e - Dazzling Spray                 Conjuration/Hexes            3
 C - a book of Minor Magic

   Spells                             Type                      Level
   a - Magic Dart                     Conjuration                  1
   b - Blink                          Translocation                2
   c - Call Imp                       Summoning                    2
   d - Repel Missiles                 Charms/Air                   2
   e - Slow                           Hexes                        2
   f - Conjure Flame                  Conjuration/Fire             3
   g - Mephitic Cloud                 Conjuration/Poison/Air       3
 D - a book of the Sky

   Spells                             Type                      Level
   a - Summon Lightning Spire         Summoning/Air                4
   b - Airstrike                      Air                          4
   c - Silence                        Hexes/Air                    5
   d - Deflect Missiles               Charms/Air                   6
   e - Conjure Ball Lightning         Conjuration/Air              6
   f - Tornado                        Air                          9
Comestibles
 d - 4 bread rations
 E - a slice of pizza
 I - 2 fruits
 J - 4 royal jellies


   Skills:
 - Level 5.0 Short Blades
 * Level 7.4 Dodging
 - Level 10.5 Stealth
 - Level 8.2 Spellcasting
 - Level 9.0 Hexes
 - Level 1.0 Ice Magic


You had 7 spell levels left.
You knew the following spells:

 Your Spells              Type           Power        Failure   Level  Hunger
a - Ensorcelled Hibernat  Hex/Ice        ####..       1%          2    None
b - Confuse               Hex            #####...     1%          3    None
c - Dazzling Spray        Conj/Hex       ####....     4%          3    None
d - Blink                 Tloc           N/A          14%         2    None
e - Repel Missiles        Chrm/Air       #.....       14%         2    None
f - Call Imp              Summ           #.......     14%         2    None
g - Mephitic Cloud        Conj/Pois/Air  #.......     24%         3    None


Dungeon Overview and Level Annotations

Branches:
Dungeon (10/15)            Temple (1/1) D:6
   Lair: D:8-11         Orc: D:9-12

Altars:
Ashenzari
Cheibriados
Dithmenos
Elyvilon
Fedhas
Gozag
Kikubaaqudgha
Nemelex Xobeh
Okawaru
Qazlal
Ru
Sif Muna
Trog
Vehumet
Xom
Yredelemnul
Zin
The Shining One

Annotations:
D:3 AlfredTheGreat's ghost, amateur DrBe
D:6 exclusion: downstairs


Innate Abilities, Weirdness & Mutations

You are tiny and cannot use many weapons and most armour.
You have supernaturally acute eyesight.
You are a herbivore.
You cover ground extremely quickly.
You need consume almost no food.


Message History

It was a potion of ambrosia.
You are confused.
You feel invigorated.
* * * LOW HITPOINT WARNING * * *
You feel sick. The trapdoor spider misses you.
The trapdoor spider completely misses you.
* * * LOW HITPOINT WARNING * * *
You feel sick. The trapdoor spider misses you.
You bump into the stone wall.
* * * LOW HITPOINT WARNING * * *
You feel sick.
The trapdoor spider completely misses you. x2
* * * LOW HITPOINT WARNING * * *
You feel sick.
You hit the trapdoor spider.
The trapdoor spider is severely wounded.
* * * LOW HITPOINT WARNING * * *
You feel sick. The trapdoor spider bites you!
You die...
Your body crumbles into a pile of gold.

#.#.# ....O .#
#.#.# S... #
##.#.# #(...#
#.#.## ##...#
#...#..#
#..##########
#.####.#.'.@#
#.#.#.#..#%s#
#.....#..#..#
#..#.#.#..##+#
#...####.#.#
##... #####
####


You could see a trapdoor spider.

Vanquished Creatures
  The ghost of Steforg the Conjurer, a novice HOFE of Beogh (D:6)
  A deep elf mage (D:9)
  A hungry ghost (D:9)
  A hippogriff (D:7)
  An orc warrior (D:7)
  2 sky beasts (D:7)
  4 phantoms
  4 ogres
  3 giant frogs
  A water moccasin skeleton (D:4)
  4 wights (D:6)
  A spriggan skeleton (D:9)
  A crimson imp (D:7)
  A giant frog skeleton (D:4)
  A jelly (D:6)
  A quasit (D:6)
  3 orc priests (D:7)
  5 orc wizards (D:7)
  2 centaur skeletons (D:9)
  4 hounds
  2 iguanas
  3 worker ants
  A hound zombie (D:5)
  A hound skeleton (D:6)
  2 adders
  2 shadow imps
  3 oozes
  An adder skeleton (D:4)
  3 worms
  15 orcs
  7 giant cockroaches
  9 hobgoblins
  A quokka (D:6)
  A ball python (D:1)
  13 bats
  5 giant geckos
  12 giant newts
  12 goblins
  A goblin skeleton (D:6)
  A hobgoblin zombie (D:6)
  5 jackals
  A jackal skeleton (D:5)
  10 kobolds
  A kobold zombie (D:6)
  An orc skeleton (D:6)
  An orc zombie (D:6)
  11 rats
167 creatures vanquished.

Notes
Turn   | Place    | Note
--------------------------------------------------------------
     0 | D:1      | Enish the Spriggan Enchanter began the quest for the Orb.
     0 | D:1      | Reached XP level 1. HP: 9/9 MP: 5/5
   405 | D:1      | Reached XP level 2. HP: 13/13 MP: 6/6
   413 | D:1      | Learned a level 2 spell: Ensorcelled Hibernation
   787 | D:1      | Reached skill level 5 in Hexes
   961 | D:1      | Reached XP level 3. HP: 16/16 MP: 4/8
  1345 | D:1      | Reached skill level 5 in Stealth
  2021 | D:2      | Reached skill level 1 in Ice Magic
  2236 | D:2      | Found a white marble altar of Elyvilon.
  2326 | D:2      | Found a bloodstained altar of Trog.
  2468 | D:2      | Learned a level 3 spell: Dazzling Spray
  2590 | D:3      | Reached XP level 4. HP: 21/21 MP: 5/9
  2826 | D:3      | Noticed AlfredTheGreat's ghost (amateur DrBe)
  2999 | D:3      | Found an ancient bone altar of Kikubaaqudgha.
  3048 | D:3      | Noticed an ogre
  3357 | D:3      | Found an iron altar of Okawaru.
  3433 | D:3      | Found a faded altar to an unknown god.
  3490 | D:3      | Killed an ogre
  3490 | D:3      | Reached skill level 5 in Spellcasting
  3490 | D:3      | Reached XP level 5. HP: 24/24 MP: 10/13
  3592 | D:3      | Found a shadowy altar of Dithmenos.
  3592 | D:3      | Found a shattered altar of Ashenzari.
  3927 | D:4      | Learned a level 3 spell: Confuse
  4301 | D:5      | Entered Level 5 of the Dungeon
  4351 | D:4      | Reached XP level 6. HP: 28/28 MP: 15/15
  4769 | D:4      | Reached skill level 6 in Hexes
  4852 | D:4      | Found a basalt altar of Yredelemnul.
  5113 | D:5      | Found a stormy altar of Qazlal.
  5172 | D:6      | Noticed Steforg's ghost (novice HOFE)
  5214 | D:5      | Reached skill level 7 in Hexes
  5508 | D:5      | Noticed a phantom
  5522 | D:5      | Killed a phantom
  5522 | D:5      | Reached XP level 7. HP: 32/32 MP: 10/16
  5838 | D:6      | Found a glowing golden altar of the Shining One.
  6279 | D:6      | Reached skill level 5 in Dodging
  6494 | D:6      | Found a staircase to the Ecumenical Temple.
  6520 | Temple   | Entered the Ecumenical Temple
  6902 | D:7      | Reached skill level 8 in Stealth
  6902 | D:7      | Reached XP level 8. HP: 31/36 MP: 11/17
  7166 | D:6      | Killed Steforg's ghost
  7166 | D:6      | Reached skill level 10 in Stealth
  7492 | D:7      | Reached skill level 5 in Short Blades
  7605 | D:7      | Learned a level 2 spell: Blink
  7608 | D:7      | Learned a level 2 spell: Repel Missiles
  7611 | D:7      | Learned a level 2 spell: Call Imp
  7615 | D:7      | Learned a level 3 spell: Mephitic Cloud
  7859 | D:7      | Noticed an angel
  7859 | D:7      | Found a shimmering altar of Xom.
  7859 | D:7      | Found a glowing silver altar of Zin.
  8014 | D:7      | Reached XP level 9. HP: 39/39 MP: 15/21
  8039 | D:7      | Found an opulent altar of Gozag.
  8376 | D:7      | Became a worshipper of Gozag Ym Sagoz the Greedy
  9618 | D:7      | Found a snail-covered altar of Cheibriados.
  9745 | D:7      | Got an ancient spear
  9833 | D:10     | Entered Level 10 of the Dungeon
  9881 | D:9      | Identified the +6 spear "Enish's Foe" {freeze, Str+2} (You found it on level 7 of the Dungeon)
  9972 | D:9      | HP: 1/39 [poisoned by a trapdoor spider]
  9977 | D:9      | Slain by a trapdoor spider

Action                   |  1- 3 |  4- 6 |  7- 9 || total
-------------------------+-------+-------+-------++-------
Melee: Spear             |    31 |    11 |     2 ||    44
       Dagger            |    82 |   101 |   179 ||   362
 Fire: Blowgun           |       |    12 |    12 ||    24
 Cast: Ensorcelled Hiber |    42 |    25 |    43 ||   110
       Corona            |     2 |       |       ||     2
       Dazzling Spray    |       |     5 |     3 ||     8
       Confuse           |       |     3 |    32 ||    35
       Mephitic Cloud    |       |       |     2 ||     2
       Call Imp          |       |       |     2 ||     2
Invok: Potion Petition   |       |       |     1 ||     1
  Use: Scroll            |     6 |    10 |     4 ||    20
       Potion            |       |       |     4 ||     4
 Stab: Sleeping          |    43 |    28 |    28 ||    99
       Confused          |       |     4 |    27 ||    31
       Invisible         |       |       |     3 ||     3
       Distracted        |       |       |     4 ||     4
       Fleeing           |       |       |     1 ||     1
  Eat: Bread ration      |     1 |     1 |       ||     2
